Blackhawks vs Flyers
Created - November 24, 2024 at 22:13
Goals
|
| Blackhawks |
1 |
3 |
0 |
0 |
1 |
4 |
| Flyers |
0 |
3 |
1 |
0 |
2 |
5 |
|
Shots
|
| Blackhawks |
13 |
14 |
12 |
0 |
4 |
39 |
| Flyers |
4 |
9 |
18 |
0 |
4 |
31 |
|
1st period
1. Blackhawks , Mikko Rantanen 11 (Derek Stepan 13) at 13:32
Penalties :
Joe Pavelski (Chi) for Hooking (Minor) at 7:04, Mikko Rantanen (Chi) for Holding (Minor) at 18:30
2nd period
2. Flyers , Ivan Provorov 1 (Kevin Hayes 8, Jake Dotchin 4) at 6:09
3. Flyers , Niclas Bergfors 5 (Calle Jarnkrok 7, Max Pacioretty 2) at 9:20
4. Flyers , Travis Konecny 3 (Ivan Provorov 4) at 10:39
5. Blackhawks , Jakob Silfverberg 6 (Erik Haula 7, Adrian Kempe 5) at 11:11
6. Blackhawks , Jakob Silfverberg 7 (Robert Hagg 2, Ilya Samsonov) at 13:55
7. Blackhawks , Derek Stepan 12 (PK Subban 3, Mikko Rantanen 11) at 16:43
Penalties :
No Penalty
3rd period
8. Flyers , Nick Ritchie 10 (Jordan Nolan 14, Kasperi Kapanen 8) at 19:14
Penalties :
Adrian Kempe (Chi) for Roughing (Minor) at 0:33
Overtime #1
No Goal
Penalties :
No Penalty
Shootout
Blackhawks, Jakob Silfverberg - Stopped by Steve Mason
Flyers, Nick Ritchie - Stopped by Ilya Samsonov
Blackhawks, Mikko Rantanen - Stopped by Steve Mason
Flyers, Kasperi Kapanen - Goal!
Blackhawks, Antoine Roussel - Goal!
Flyers, Jordan Nolan - Shot Misses the Net
Blackhawks, Derek Stepan - Shot Misses the Net
Flyers, Niclas Bergfors - Goal!
Penalties :
No Penalty
Goalie Stats
Ilya Samsonov (Chi), 27 saves from 31 shots - (0.871), OTL, 3-5-1, 65:00 minutes
Steve Mason (Phi), 35 saves from 39 shots - (0.897), W, 5-1-1, 64:36 minutes
Players Stats for Blackhawks
Player Name G A P +/- PIM S H SB GA TA FO MP PP MP PK MP
------------------------------------------------------------------------------------
Adrian Kempe 0 1 1 1 2 2 0 0 1 0 0/1 15:43 0:00 0:14
Andrew Ladd 0 0 0 -1 0 2 1 0 1 0 0/0 9:08 0:00 0:00
Antoine Roussel 0 0 0 0 0 0 6 0 0 3 0/0 21:55 0:00 1:49
Dalton Prout 0 0 0 1 0 1 0 0 1 0 0/0 12:33 0:00 0:00
Derek Stepan 1 1 2 0 0 4 1 0 0 0 12/26 20:18 0:00 0:14
Erik Haula 0 1 1 1 0 3 1 0 0 0 10/21 20:01 0:00 3:54
Jakob Chychrun 0 0 0 -1 0 0 1 1 0 1 0/0 18:53 0:00 0:00
Jakob Silfverberg 2 0 2 1 0 5 0 0 0 1 0/0 16:19 0:00 0:00
Joe Pavelski 0 0 0 -1 2 2 1 0 2 0 0/1 9:11 0:00 0:00
Mike Amadio 0 0 0 0 0 3 1 0 0 0 0/0 16:59 0:00 3:54
Mikko Rantanen 1 1 2 0 2 6 1 2 1 0 1/2 20:06 0:00 0:00
PK Subban 0 1 1 -1 0 1 2 1 0 0 0/0 21:03 0:00 1:38
Radko Gudas 0 0 0 0 0 1 2 2 1 0 0/0 29:03 0:00 4:19
Robert Hagg 0 1 1 1 0 2 0 1 0 0 0/0 14:45 0:00 1:38
Stefan Matteau 0 0 0 -1 0 1 0 0 0 0 1/3 9:04 0:00 0:00
Timo Meier 0 0 0 0 0 0 0 1 0 0 0/1 11:42 0:00 0:00
Will Butcher 0 0 0 0 0 5 2 1 0 0 0/0 28:43 0:00 4:19
William Karlsson 0 0 0 0 0 1 3 0 1 0 2/5 13:33 0:00 1:49
Players Stats for Flyers
Player Name G A P +/- PIM S H SB GA TA FO MP PP MP PK MP
------------------------------------------------------------------------------------
Brian Lashoff 0 0 0 0 0 0 1 0 0 0 0/0 18:12 2:20 0:00
Brock Nelson 0 0 0 1 0 0 1 0 0 0 0/0 9:03 0:00 0:00
Cal Foote 0 0 0 1 0 0 6 4 0 0 0/0 17:59 0:00 0:00
Calle Jarnkrok 0 1 1 0 0 1 1 0 0 0 1/2 13:26 0:00 0:00
Ivan Provorov 1 1 2 1 0 4 0 1 0 1 0/0 21:21 2:20 0:00
Jacob Trouba 0 0 0 -1 0 0 4 1 0 1 0/0 26:37 3:37 0:00
Jake Dotchin 0 1 1 0 0 0 1 1 0 1 0/0 13:41 0:00 0:00
Jakub Voracek 0 0 0 -1 0 2 2 1 0 0 1/1 14:24 0:00 0:00
Jordan Nolan 0 1 1 0 0 2 0 0 1 1 22/39 22:47 3:13 0:00
Kasperi Kapanen 0 1 1 0 0 4 2 0 1 2 3/3 23:15 3:13 0:00
Kevin Hayes 0 1 1 -1 0 0 2 1 0 1 4/10 19:10 2:44 0:00
Max Pacioretty 0 1 1 -1 0 1 2 1 0 1 0/1 18:27 2:44 0:00
Michael Bournival 0 0 0 0 0 0 0 0 1 0 0/0 12:22 0:00 0:00
Nathan Beaulieu 0 0 0 -1 0 3 2 0 1 0 0/0 27:10 3:37 0:00
Nick Ritchie 1 0 1 0 0 9 0 0 1 0 2/3 22:47 3:13 0:00
Niclas Bergfors 1 0 1 0 0 3 2 0 0 0 0/0 15:39 2:44 0:00
Patrice Bergeron 0 0 0 1 0 0 0 0 0 0 1/1 9:03 0:00 0:00
Travis Konecny 1 0 1 1 0 2 0 0 0 0 0/0 9:37 0:00 0:00
3 Stars
1 - Jakob Silfverberg (Chi)
2 - Ivan Provorov (Phi)
3 - Derek Stepan (Chi)
Power Play
Blackhawks - 0 on 0 Attempt(s) - 0.00%
Flyers - 0 on 4 Attempt(s) - 0.00%
Penalty Kill
Blackhawks - 4 on 4 Attempt(s) - 100.00%
- Score 0 goal in Penalty Kill
Flyers - 0 on 0 Attempt(s) - 0.00%
- Score 0 goal in Penalty Kill
Team Stat
Blackhawks - Hits : 22 - Faceoff Wins : 26 - Blocked Shots : 9 - Penalty Minutes : 6
Flyers - Hits : 26 - Faceoff Wins : 34 - Blocked Shots : 10 - Penalty Minutes : 0
Official
Referees : Pierre Lambert and Eric Furlatt
Linesman : Matt MacPherson and Tony Sericolo
Game Notes
3:15 of 3rd period - Penalty Shot by Robert Hagg for Blackhawks - Shot Misses the Net
Finance
Level 1 -- Attendance: 5499 (91.65%) -- Ticket Income $549,900
Level 2 -- Attendance: 5000 (100.00%) -- Ticket Income $350,000
Level 3 -- Attendance: 1829 (91.45%) -- Ticket Income $73,160
Level 4 -- Attendance: 4000 (100.00%) -- Ticket Income $120,000
Luxury Box -- Attendance: 1000 (100.00%) -- Ticket Income $200,000
Game was played at the Wells Fargo Center.
Total Attendance: 17328 (96.27%)
Total Ticket Income: $1,293,060
Other Income: $193,959
Total Income: $1,487,019
Blackhawks
5 vs 5 Forward
Center Left Wing Right Wing Time % Phy DF OF
1 Derek Stepan Antoine Roussel Mikko Rantanen 40 1 2 2
2 Erik Haula Adrian Kempe Jakob Silfverberg 30 1 2 2
3 William Karlsson Timo Meier Mike Amadio 20 1 2 2
4 Stefan Matteau Andrew Ladd Joe Pavelski 10 1 2 2
5 vs 5 Defense
Defense Defense Time % Phy DF OF
1 Will Butcher Radko Gudas 40 1 2 2
2 PK Subban Jakob Chychrun 30 1 2 2
3 Dalton Prout Robert Hagg 20 1 2 2
4 Radko Gudas Will Butcher 10 1 2 2
PowerPlay Forward
Center Left Wing Right Wing Time % Phy DF OF
1 Derek Stepan Antoine Roussel Mikko Rantanen 60 1 2 2
2 Erik Haula Adrian Kempe Jakob Silfverberg 40 1 2 2
PowerPlay Defense
Defense Defense Time % Phy DF OF
1 Radko Gudas Will Butcher 60 1 2 2
2 PK Subban Jakob Chychrun 40 1 2 2
Penalty Kill 4 Players Forward
Center Wing Time % Phy DF OF
1 Erik Haula Mike Amadio 60 1 2 2
2 William Karlsson Antoine Roussel 40 1 2 2
Penalty Kill 4 Players Defense
Defense Defense Time % Phy DF OF
1 Radko Gudas Will Butcher 60 1 2 2
2 PK Subban Robert Hagg 40 1 2 2
Penalty Kill - 3 Players Forward
Forward Time % Phy DF OF
1 Derek Stepan 60 1 2 2
2 Erik Haula 40 1 2 2
Penalty Kill - 3 Players Defense
Defense Defense Time % Phy DF OF
1 Radko Gudas Will Butcher 60 1 2 2
2 PK Subban Robert Hagg 40 1 2 2
4 vs 4 Forward
Center Wing Time % Phy DF OF
1 Derek Stepan Mikko Rantanen 60 1 2 2
2 Erik Haula Jakob Silfverberg 40 1 2 2
4 vs 4 Defense
Defense Defense Time % Phy DF OF
1 Radko Gudas Will Butcher 60 1 2 2
2 PK Subban Jakob Chychrun 40 1 2 2
Last Minutes Offensive
Center Left Wing Right Wing Defense Defense
Derek Stepan Antoine Roussel Mikko Rantanen Radko Gudas Will Butcher
Last Minutes Defensive
Center Left Wing Right Wing Defense Defense
Derek Stepan Antoine Roussel Mike Amadio Radko Gudas Will Butcher
Goaltenders
Starting : Ilya Samsonov
Backup : Cam Ward
Extra Forwards
Normal : Jakob Silfverberg, Antoine Roussel, Adrian Kempe - PP : Mikko Rantanen, Antoine Roussel - PK : Mike Amadio
Extra Defensemen
Normal : Will Butcher, Robert Hagg, Jakob Chychrun - PP : Will Butcher - PK : Radko Gudas, Robert Hagg
Penalty Shots
Jakob Silfverberg, Mikko Rantanen, Antoine Roussel, Derek Stepan, Erik Haula
Custom OT Lines Forwards
Jakob Silfverberg, Mikko Rantanen, Antoine Roussel, Derek Stepan, Erik Haula, Mike Amadio, Adrian Kempe, Timo Meier, William Karlsson, Joe Pavelski
Custom OT Lines Defensemen
Radko Gudas, Will Butcher, PK Subban, Jakob Chychrun, Robert Hagg
Scratches
Thomas Chabot (Back Spasms Injury)
Flyers
5 vs 5 Forward
Center Left Wing Right Wing Time % Phy DF OF
1 Jordan Nolan Nick Ritchie Kasperi Kapanen 40 0 1 4
2 Kevin Hayes Max Pacioretty Jakub Voracek 30 0 2 3
3 Calle Jarnkrok Michael Bournival Niclas Bergfors 20 0 2 3
4 Patrice Bergeron Brock Nelson Travis Konecny 10 0 2 3
5 vs 5 Defense
Defense Defense Time % Phy DF OF
1 Jacob Trouba Nathan Beaulieu 40 0 2 3
2 Ivan Provorov Cal Foote 35 0 2 3
3 Jake Dotchin Brian Lashoff 25 0 3 2
4 Jake Dotchin Brian Lashoff 0 0 3 2
PowerPlay Forward
Center Left Wing Right Wing Time % Phy DF OF
1 Jordan Nolan Nick Ritchie Kasperi Kapanen 51 0 1 4
2 Kevin Hayes Max Pacioretty Niclas Bergfors 49 0 1 4
PowerPlay Defense
Defense Defense Time % Phy DF OF
1 Jacob Trouba Nathan Beaulieu 51 0 1 4
2 Ivan Provorov Brian Lashoff 49 0 1 4
Penalty Kill 4 Players Forward
Center Wing Time % Phy DF OF
1 Kevin Hayes Nick Ritchie 50 1 4 0
2 Calle Jarnkrok Max Pacioretty 50 1 4 0
Penalty Kill 4 Players Defense
Defense Defense Time % Phy DF OF
1 Jacob Trouba Nathan Beaulieu 50 1 4 0
2 Ivan Provorov Brian Lashoff 50 1 4 0
Penalty Kill - 3 Players Forward
Forward Time % Phy DF OF
1 Jordan Nolan 50 1 4 0
2 Patrice Bergeron 50 1 4 0
Penalty Kill - 3 Players Defense
Defense Defense Time % Phy DF OF
1 Jacob Trouba Nathan Beaulieu 50 1 4 0
2 Ivan Provorov Brian Lashoff 50 1 4 0
4 vs 4 Forward
Center Wing Time % Phy DF OF
1 Jordan Nolan Nick Ritchie 55 1 2 2
2 Kevin Hayes Kasperi Kapanen 45 1 2 2
4 vs 4 Defense
Defense Defense Time % Phy DF OF
1 Jacob Trouba Nathan Beaulieu 55 1 2 2
2 Ivan Provorov Brian Lashoff 45 1 2 2
Last Minutes Offensive
Center Left Wing Right Wing Defense Defense
Jordan Nolan Nick Ritchie Kasperi Kapanen Jacob Trouba Nathan Beaulieu
Last Minutes Defensive
Center Left Wing Right Wing Defense Defense
Kevin Hayes Max Pacioretty Travis Konecny Jacob Trouba Brian Lashoff
Goaltenders
Starting : Steve Mason
Backup : Ilya Sorokin
Extra Forwards
Normal : Nick Ritchie, Max Pacioretty, Travis Konecny - PP : Nick Ritchie, Max Pacioretty - PK : Jordan Nolan
Extra Defensemen
Normal : Jacob Trouba, Ivan Provorov, Brian Lashoff - PP : Nathan Beaulieu - PK : Jacob Trouba, Brian Lashoff
Penalty Shots
Nick Ritchie, Kasperi Kapanen, Jordan Nolan, Niclas Bergfors, Travis Konecny
Custom OT Lines Forwards
Jordan Nolan, Nick Ritchie, Kasperi Kapanen, Kevin Hayes, Calle Jarnkrok, Max Pacioretty, Niclas Bergfors, Travis Konecny, Patrice Bergeron, Michael Bournival
Custom OT Lines Defensemen
Jacob Trouba, Brian Lashoff, Nathan Beaulieu, Ivan Provorov, Cal Foote
Scratches
None
% Time on Ice - Blackhawks
Lines # - Real PCT - Wanted PCT - Time Play
Normal Forward
1 - 34% - 40% - 18:32
2 - 27% - 30% - 14:45
3 - 22% - 20% - 11:42
4 - 17% - 10% - 9:04
Normal Defense
1 - 37% - 40% - 20:10
2 - 35% - 30% - 18:44
3 - 23% - 20% - 12:33
4 - 5% - 10% - 2:36
PP Forward
1 - 0% - 60%
2 - 0% - 40%
PP Defense
1 - 0% - 60%
2 - 0% - 40%
PK Forward
1 - 69% - 60% - 4:08
2 - 31% - 40% - 1:49
PK Defense
1 - 73% - 60% - 4:19
2 - 27% - 40% - 1:38
PK3 Forward
1 - 0% - 60%
2 - 0% - 40%
PK3 Defense
1 - 0% - 60%
2 - 0% - 40%
44 Forward
1 - 0% - 60%
2 - 0% - 40%
44 Defense
1 - 0% - 60%
2 - 0% - 40%
Last Minute Offensive - 0:00
Last Minute Defensive - 0:00
Total
Forward - 60:00
Defense - 60:00
|
% Time on Ice - Flyers
Lines # - Real PCT - Wanted PCT - Time Play
Normal Forward
1 - 33% - 40% - 17:47
2 - 27% - 30% - 14:23
3 - 23% - 20% - 12:22
4 - 17% - 10% - 9:03
Normal Defense
1 - 39% - 40% - 20:53
2 - 35% - 35% - 19:01
3 - 26% - 25% - 13:41
4 - 0% - 0% - 0:00
PP Forward
1 - 54% - 51% - 3:13
2 - 46% - 49% - 2:44
PP Defense
1 - 61% - 51% - 3:37
2 - 39% - 49% - 2:20
PK Forward
1 - 0% - 50%
2 - 0% - 50%
PK Defense
1 - 0% - 50%
2 - 0% - 50%
PK3 Forward
1 - 0% - 50%
2 - 0% - 50%
PK3 Defense
1 - 0% - 50%
2 - 0% - 50%
44 Forward
1 - 0% - 55%
2 - 0% - 45%
44 Defense
1 - 0% - 55%
2 - 0% - 45%
Last Minute Offensive - 0:28
Last Minute Defensive - 0:00
Total
Forward - 60:00
Defense - 60:00
|
Play-by-Play
1st period
0:01 of 1st period - Derek Stepan wins face-off versus Jordan Nolan in neutral zone.
0:52 of 1st period - Cal Foote is hit by William Karlsson and loses puck.
1:03 of 1st period - Radko Gudas is hit by Cal Foote and loses puck.
2:05 of 1st period - Wrist shot by William Karlsson.
2:05 of 1st period - Shot Misses the Net.
2:07 of 1st period - Snap shot by Mike Amadio.
2:07 of 1st period - Shot Misses the Net.
2:09 of 1st period - Slapshot by Will Butcher.
2:09 of 1st period - Stopped by Steve Mason without a rebound.
2:10 of 1st period - Derek Stepan wins face-off versus Jordan Nolan in Flyers zone.
2:15 of 1st period - Wrist shot by Derek Stepan.
2:15 of 1st period - Stopped by Steve Mason with a rebound.
2:34 of 1st period - Icing by PK Subban.
2:35 of 1st period - Kevin Hayes wins face-off versus Derek Stepan in Blackhawks zone.
3:08 of 1st period - Wrist shot by Derek Stepan.
3:08 of 1st period - Stopped by Steve Mason with a rebound.
3:10 of 1st period - Snap shot by Mikko Rantanen.
3:10 of 1st period - Stopped by Steve Mason without a rebound.
3:11 of 1st period - Erik Haula wins face-off versus Jordan Nolan in Flyers zone.
5:15 of 1st period - Dalton Prout is hit by Nathan Beaulieu and loses puck.
5:36 of 1st period - Wrist shot by Mike Amadio.
5:36 of 1st period - Shot Misses the Net.
5:44 of 1st period - Timo Meier is hit by Calle Jarnkrok and loses puck.
5:59 of 1st period - Jakob Chychrun is hit by Jacob Trouba and loses puck.
6:16 of 1st period - Andrew Ladd is hit by Cal Foote and loses puck.
6:49 of 1st period - Off-side.
6:50 of 1st period - Stefan Matteau wins face-off versus Jordan Nolan in neutral zone.
6:55 of 1st period - Wrist shot by Stefan Matteau.
6:55 of 1st period - Stopped by Steve Mason without a rebound.
6:56 of 1st period - Kasperi Kapanen wins face-off versus Stefan Matteau in Flyers zone.
7:04 of 1st period - Minor Penalty to Joe Pavelski for Hooking.
7:05 of 1st period - Kasperi Kapanen wins face-off versus Erik Haula in Blackhawks zone.
7:12 of 1st period - Snap shot by Nick Ritchie.
7:12 of 1st period - Shot Misses the Net.
7:32 of 1st period - Will Butcher is hit by Niclas Bergfors.
8:17 of 1st period - Icing by Kevin Hayes.
8:18 of 1st period - William Karlsson wins face-off versus Max Pacioretty in Flyers zone.
9:04 of 1st period - Penalty to Joe Pavelski is over, Joe Pavelski is back on ice.
9:11 of 1st period - Slapshot by PK Subban.
9:11 of 1st period - Shot Blocked by Ivan Provorov.
9:41 of 1st period - Jacob Trouba is hit by Antoine Roussel and loses puck.
10:12 of 1st period - William Karlsson is hit by Max Pacioretty and loses puck.
10:31 of 1st period - Andrew Ladd is hit by Cal Foote and loses puck.
11:13 of 1st period - Jakob Silfverberg is hit by Jake Dotchin and loses puck.
11:37 of 1st period - William Karlsson is hit by Jakub Voracek and loses puck.
11:53 of 1st period - Jacob Trouba is hit by Radko Gudas and loses puck.
12:16 of 1st period - Snap shot by Travis Konecny.
12:16 of 1st period - Stopped by Ilya Samsonov with a rebound.
12:34 of 1st period - Snap shot by Jakob Silfverberg.
12:34 of 1st period - Stopped by Steve Mason without a rebound.
12:35 of 1st period - Erik Haula wins face-off versus Calle Jarnkrok in Flyers zone.
12:36 of 1st period - Wrist shot by Adrian Kempe.
12:36 of 1st period - Stopped by Steve Mason without a rebound.
12:37 of 1st period - Derek Stepan wins face-off versus Jordan Nolan in Flyers zone.
12:44 of 1st period - Slapshot by Ivan Provorov.
12:44 of 1st period - Stopped by Ilya Samsonov with a rebound.
12:46 of 1st period - Slapshot by Ivan Provorov.
12:46 of 1st period - Stopped by Ilya Samsonov with a rebound.
13:16 of 1st period - Snap shot by Adrian Kempe.
13:16 of 1st period - Deflect By Jakob Silfverberg.
13:16 of 1st period - Shot Blocked by Cal Foote.
13:16 of 1st period - Puck is out of play.
13:17 of 1st period - Jordan Nolan wins face-off versus Derek Stepan in Flyers zone.
13:30 of 1st period - Snap shot by Mikko Rantanen.
13:30 of 1st period - Stopped by Steve Mason without a rebound.
13:31 of 1st period - Derek Stepan wins face-off versus Jordan Nolan in Flyers zone.
13:32 of 1st period - Snap shot by Mikko Rantanen.
13:32 of 1st period - Goal by Mikko Rantanen - Blackhawks : 1 - Flyers : 0.
13:33 of 1st period - Derek Stepan wins face-off versus Jordan Nolan in neutral zone.
14:01 of 1st period - Slapshot by Will Butcher.
14:01 of 1st period - Stopped by Steve Mason with a rebound.
14:03 of 1st period - Slapshot by Radko Gudas.
14:03 of 1st period - Shot Misses the Net.
14:05 of 1st period - Wrist shot by Jakob Silfverberg.
14:05 of 1st period - Stopped by Steve Mason without a rebound.
14:06 of 1st period - Erik Haula wins face-off versus Kevin Hayes in Flyers zone.
14:11 of 1st period - Snap shot by Jakob Silfverberg.
14:11 of 1st period - Stopped by Steve Mason without a rebound.
14:12 of 1st period - Derek Stepan wins face-off versus Kevin Hayes in Flyers zone.
14:23 of 1st period - Wrist shot by Derek Stepan.
14:23 of 1st period - Deflect By Mikko Rantanen.
14:23 of 1st period - Shot Blocked by Jake Dotchin.
14:23 of 1st period - Puck is out of play.
14:24 of 1st period - Jordan Nolan wins face-off versus Derek Stepan in Flyers zone.
14:24 of 1st period - Jordan Nolan is hit by Antoine Roussel.
14:40 of 1st period - Snap shot by Nick Ritchie.
14:40 of 1st period - Deflect By Kasperi Kapanen.
14:40 of 1st period - Shot Blocked by Mikko Rantanen.
14:40 of 1st period - Puck is out of play.
14:41 of 1st period - Jakub Voracek wins face-off versus Erik Haula in Blackhawks zone.
14:44 of 1st period - Slapshot by Kevin Hayes.
14:44 of 1st period - Shot Blocked by Radko Gudas.
15:32 of 1st period - Will Butcher is hit by Jacob Trouba and loses puck.
17:20 of 1st period - Icing by Andrew Ladd.
17:21 of 1st period - Jordan Nolan wins face-off versus Stefan Matteau in Blackhawks zone.
17:37 of 1st period - Off-side.
17:38 of 1st period - Kevin Hayes wins face-off versus Derek Stepan in neutral zone.
17:43 of 1st period - Snap shot by Kevin Hayes.
17:43 of 1st period - Shot Misses the Net.
18:04 of 1st period - Brian Lashoff is hit by William Karlsson and loses puck.
18:09 of 1st period - Snap shot by William Karlsson.
18:09 of 1st period - Stopped by Steve Mason with a rebound.
18:11 of 1st period - Slapshot by Mike Amadio.
18:11 of 1st period - Deflect By Timo Meier.
18:11 of 1st period - Shot Misses the Net.
18:11 of 1st period - Puck is out of play.
18:12 of 1st period - Derek Stepan wins face-off versus Jordan Nolan in Flyers zone.
18:30 of 1st period - Minor Penalty to Mikko Rantanen for Holding.
18:31 of 1st period - Jordan Nolan wins face-off versus Erik Haula in Blackhawks zone.
18:31 of 1st period - Wrist shot by Nick Ritchie.
18:31 of 1st period - Stopped by Ilya Samsonov without a rebound.
18:32 of 1st period - Jordan Nolan wins face-off versus Erik Haula in Blackhawks zone.
Goals for this period are 1 for Blackhawks vs 0 for Flyers.
Shots for this period are 13 for Blackhawks vs 4 for Flyers.
2nd period
0:01 of 2nd period - Erik Haula wins face-off versus Jordan Nolan in neutral zone.
0:30 of 2nd period - Penalty to Mikko Rantanen is over, Mikko Rantanen is back on ice.
1:55 of 2nd period - Wrist shot by Antoine Roussel.
1:55 of 2nd period - Deflect By Derek Stepan.
1:55 of 2nd period - Shot Blocked by Jakub Voracek.
1:55 of 2nd period - Puck is out of play.
1:56 of 2nd period - Derek Stepan wins face-off versus Kevin Hayes in Flyers zone.
1:57 of 2nd period - Slapshot by Will Butcher.
1:57 of 2nd period - Stopped by Steve Mason with a rebound.
2:30 of 2nd period - Snap shot by Erik Haula.
2:30 of 2nd period - Shot Misses the Net.
3:55 of 2nd period - Slapshot by Nathan Beaulieu.
3:55 of 2nd period - Shot Misses the Net.
3:57 of 2nd period - Snap shot by Max Pacioretty.
3:57 of 2nd period - Stopped by Ilya Samsonov with a rebound.
4:31 of 2nd period - Jordan Nolan is hit by Mike Amadio.
5:08 of 2nd period - Backhand shot by Derek Stepan.
5:08 of 2nd period - Shot Misses the Net.
5:10 of 2nd period - Wrist shot by Mikko Rantanen.
5:10 of 2nd period - Shot Misses the Net.
5:12 of 2nd period - Wrist shot by Mikko Rantanen.
5:12 of 2nd period - Stopped by Steve Mason without a rebound.
5:13 of 2nd period - Kasperi Kapanen wins face-off versus Erik Haula in Flyers zone.
5:26 of 2nd period - Snap shot by Jordan Nolan.
5:26 of 2nd period - Stopped by Ilya Samsonov with a rebound.
5:28 of 2nd period - Wrist shot by Nick Ritchie.
5:28 of 2nd period - Shot Blocked by Radko Gudas.
5:30 of 2nd period - Slapshot by Ivan Provorov.
5:30 of 2nd period - Shot Misses the Net.
6:07 of 2nd period - Wrist shot by Kevin Hayes.
6:07 of 2nd period - Shot Misses the Net.
6:09 of 2nd period - Slapshot by Ivan Provorov.
6:09 of 2nd period - Goal by Ivan Provorov - Blackhawks : 1 - Flyers : 1.
6:10 of 2nd period - Jordan Nolan wins face-off versus Derek Stepan in neutral zone.
6:38 of 2nd period - Ivan Provorov is hit by Erik Haula and loses puck.
7:03 of 2nd period - Slapshot by Travis Konecny.
7:03 of 2nd period - Shot Blocked by Jakob Chychrun.
7:42 of 2nd period - Slapshot by Jakob Silfverberg.
7:42 of 2nd period - Deflect By Adrian Kempe.
7:42 of 2nd period - Stopped by Steve Mason with a rebound.
7:44 of 2nd period - Slapshot by PK Subban.
7:44 of 2nd period - Stopped by Steve Mason without a rebound.
7:45 of 2nd period - Derek Stepan wins face-off versus Jordan Nolan in Flyers zone.
8:12 of 2nd period - Cal Foote is hit by Radko Gudas and loses puck.
8:21 of 2nd period - Timo Meier is hit by Cal Foote and loses puck.
8:46 of 2nd period - Slapshot by Travis Konecny.
8:46 of 2nd period - Shot Blocked by Robert Hagg.
8:48 of 2nd period - Snap shot by Ivan Provorov.
8:48 of 2nd period - Deflect By Patrice Bergeron.
8:48 of 2nd period - Shot Misses the Net.
8:48 of 2nd period - Puck is out of play.
8:49 of 2nd period - Derek Stepan wins face-off versus Jordan Nolan in Blackhawks zone.
9:20 of 2nd period - Slapshot by Calle Jarnkrok.
9:20 of 2nd period - Deflect By Niclas Bergfors.
9:20 of 2nd period - Goal by Niclas Bergfors - Blackhawks : 1 - Flyers : 2.
9:21 of 2nd period - Jordan Nolan wins face-off versus Derek Stepan in neutral zone.
9:52 of 2nd period - Will Butcher is hit by Jacob Trouba and loses puck.
10:39 of 2nd period - Snap shot by Travis Konecny.
10:39 of 2nd period - Goal by Travis Konecny - Blackhawks : 1 - Flyers : 3.
10:40 of 2nd period - Mikko Rantanen wins face-off versus Nick Ritchie in neutral zone.
10:55 of 2nd period - Snap shot by Nick Ritchie.
10:55 of 2nd period - Stopped by Ilya Samsonov without a rebound.
10:56 of 2nd period - Erik Haula wins face-off versus Kevin Hayes in Blackhawks zone.
11:05 of 2nd period - Slapshot by Adrian Kempe.
11:05 of 2nd period - Shot Misses the Net.
11:07 of 2nd period - Wrist shot by Erik Haula.
11:07 of 2nd period - Stopped by Steve Mason with a rebound.
11:09 of 2nd period - Snap shot by Erik Haula.
11:09 of 2nd period - Stopped by Steve Mason with a rebound.
11:11 of 2nd period - Slapshot by Jakob Silfverberg.
11:11 of 2nd period - Goal by Jakob Silfverberg - Blackhawks : 2 - Flyers : 3.
11:12 of 2nd period - Jordan Nolan wins face-off versus Derek Stepan in neutral zone.
11:21 of 2nd period - Wrist shot by Nick Ritchie.
11:21 of 2nd period - Stopped by Ilya Samsonov without a rebound.
11:22 of 2nd period - Jordan Nolan wins face-off versus Derek Stepan in Blackhawks zone.
11:31 of 2nd period - Wrist shot by Jordan Nolan.
11:31 of 2nd period - Shot Misses the Net.
11:33 of 2nd period - Snap shot by Kasperi Kapanen.
11:33 of 2nd period - Stopped by Ilya Samsonov without a rebound.
11:34 of 2nd period - Jordan Nolan wins face-off versus Derek Stepan in Blackhawks zone.
12:10 of 2nd period - Snap shot by Erik Haula.
12:10 of 2nd period - Stopped by Steve Mason with a rebound.
12:46 of 2nd period - Off-side.
12:47 of 2nd period - Patrice Bergeron wins face-off versus Joe Pavelski in neutral zone.
13:00 of 2nd period - Slapshot by Radko Gudas.
13:00 of 2nd period - Stopped by Steve Mason with a rebound.
13:02 of 2nd period - Snap shot by Andrew Ladd.
13:02 of 2nd period - Shot Misses the Net.
13:44 of 2nd period - Robert Hagg is hit by Max Pacioretty and loses puck.
13:55 of 2nd period - Slapshot by Jakob Silfverberg.
13:55 of 2nd period - Goal by Jakob Silfverberg - Blackhawks : 3 - Flyers : 3.
13:56 of 2nd period - Derek Stepan wins face-off versus Jordan Nolan in neutral zone.
14:01 of 2nd period - Wrist shot by Derek Stepan.
14:01 of 2nd period - Deflect By Antoine Roussel.
14:01 of 2nd period - Shot Blocked by Jacob Trouba.
14:01 of 2nd period - Puck is out of play.
14:02 of 2nd period - Jordan Nolan wins face-off versus Derek Stepan in Flyers zone.
14:29 of 2nd period - Derek Stepan is hit by Nathan Beaulieu and loses puck.
14:40 of 2nd period - Snap shot by Calle Jarnkrok.
14:40 of 2nd period - Stopped by Ilya Samsonov without a rebound.
14:41 of 2nd period - Jordan Nolan wins face-off versus Adrian Kempe in Blackhawks zone.
14:44 of 2nd period - Wrist shot by Kasperi Kapanen.
14:44 of 2nd period - Deflect By Adrian Kempe.
14:44 of 2nd period - Shot Misses the Net.
14:44 of 2nd period - Puck is out of play.
14:45 of 2nd period - Jordan Nolan wins face-off versus Erik Haula in Blackhawks zone.
15:02 of 2nd period - Snap shot by Kasperi Kapanen.
15:02 of 2nd period - Shot Misses the Net.
15:22 of 2nd period - Antoine Roussel is hit by Jakub Voracek and loses puck.
16:01 of 2nd period - Snap shot by Andrew Ladd.
16:01 of 2nd period - Stopped by Steve Mason with a rebound.
16:33 of 2nd period - Snap shot by Derek Stepan.
16:33 of 2nd period - Stopped by Steve Mason with a rebound.
16:39 of 2nd period - Slapshot by Mikko Rantanen.
16:39 of 2nd period - Stopped by Steve Mason with a rebound.
16:41 of 2nd period - Slapshot by PK Subban.
16:41 of 2nd period - Shot Blocked by Max Pacioretty.
16:43 of 2nd period - Slapshot by PK Subban.
16:43 of 2nd period - Deflect By Derek Stepan.
16:43 of 2nd period - Goal by Derek Stepan - Blackhawks : 4 - Flyers : 3.
16:44 of 2nd period - Jordan Nolan wins face-off versus Derek Stepan in neutral zone.
16:51 of 2nd period - Snap shot by Mikko Rantanen.
16:51 of 2nd period - Shot Misses the Net.
17:18 of 2nd period - Slapshot by Adrian Kempe.
17:18 of 2nd period - Shot Misses the Net.
18:07 of 2nd period - Patrice Bergeron is hit by Andrew Ladd and loses puck.
18:56 of 2nd period - Snap shot by Adrian Kempe.
18:56 of 2nd period - Shot Blocked by Kevin Hayes.
19:16 of 2nd period - Wrist shot by Calle Jarnkrok.
19:16 of 2nd period - Shot Blocked by Timo Meier.
19:52 of 2nd period - Snap shot by Derek Stepan.
19:52 of 2nd period - Shot Misses the Net.
19:54 of 2nd period - Slapshot by Mikko Rantanen.
19:54 of 2nd period - Shot Misses the Net.
19:56 of 2nd period - Slapshot by Robert Hagg.
19:56 of 2nd period - Shot Misses the Net.
19:58 of 2nd period - Wrist shot by Mikko Rantanen.
19:58 of 2nd period - Deflect By Antoine Roussel.
19:58 of 2nd period - Shot Misses the Net.
19:58 of 2nd period - Puck is out of play.
19:59 of 2nd period - Erik Haula wins face-off versus Jordan Nolan in Flyers zone.
Goals for this period are 3 for Blackhawks vs 3 for Flyers.
Shots for this period are 14 for Blackhawks vs 9 for Flyers.
3rd period
0:01 of 3rd period - Derek Stepan wins face-off versus Jordan Nolan in neutral zone.
0:08 of 3rd period - Wrist shot by Derek Stepan.
0:08 of 3rd period - Shot Blocked by Cal Foote.
0:10 of 3rd period - Slapshot by Will Butcher.
0:10 of 3rd period - Stopped by Steve Mason with a rebound.
0:12 of 3rd period - Snap shot by Mikko Rantanen.
0:12 of 3rd period - Stopped by Steve Mason with a rebound.
0:14 of 3rd period - Wrist shot by Mikko Rantanen.
0:14 of 3rd period - Shot Blocked by Cal Foote.
0:16 of 3rd period - Slapshot by Radko Gudas.
0:16 of 3rd period - Shot Misses the Net.
0:30 of 3rd period - Slapshot by Ivan Provorov.
0:30 of 3rd period - Stopped by Ilya Samsonov without a rebound.
0:31 of 3rd period - Erik Haula wins face-off versus Kevin Hayes in Blackhawks zone.
0:33 of 3rd period - Minor Penalty to Adrian Kempe for Roughing.
0:34 of 3rd period - Erik Haula wins face-off versus Jordan Nolan in Blackhawks zone.
0:38 of 3rd period - Snap shot by Mike Amadio.
0:38 of 3rd period - Stopped by Steve Mason without a rebound.
0:39 of 3rd period - Jordan Nolan wins face-off versus Erik Haula in Flyers zone.
0:55 of 3rd period - Slapshot by Nathan Beaulieu.
0:55 of 3rd period - Stopped by Ilya Samsonov without a rebound.
0:56 of 3rd period - Kevin Hayes wins face-off versus Erik Haula in Blackhawks zone.
1:13 of 3rd period - Slapshot by Ivan Provorov.
1:13 of 3rd period - Deflect By Niclas Bergfors.
1:13 of 3rd period - Shot Blocked by Will Butcher.
1:13 of 3rd period - Puck is out of play.
1:14 of 3rd period - Erik Haula wins face-off versus Jordan Nolan in Blackhawks zone.
1:45 of 3rd period - Snap shot by William Karlsson.
1:45 of 3rd period - Shot Misses the Net.
2:25 of 3rd period - Jordan Nolan is hit by Antoine Roussel and loses puck.
2:33 of 3rd period - Penalty to Adrian Kempe is over, Adrian Kempe is back on ice.
2:44 of 3rd period - Patrice Bergeron is hit by Joe Pavelski and loses puck.
3:09 of 3rd period - Snap shot by Niclas Bergfors.
3:09 of 3rd period - Shot Misses the Net.
3:15 of 3rd period - Penalty Shot by Robert Hagg for Blackhawks.
3:15 of 3rd period - Deke by Robert Hagg.
3:15 of 3rd period - Shot Misses the Net.
3:16 of 3rd period - Kevin Hayes wins face-off versus Erik Haula in Blackhawks zone.
3:31 of 3rd period - Wrist shot by Will Butcher.
3:31 of 3rd period - Stopped by Steve Mason with a rebound.
4:07 of 3rd period - Backhand shot by Niclas Bergfors.
4:07 of 3rd period - Stopped by Ilya Samsonov without a rebound.
4:08 of 3rd period - Nick Ritchie wins face-off versus Derek Stepan in Blackhawks zone.
4:09 of 3rd period - Slapshot by Jordan Nolan.
4:09 of 3rd period - Stopped by Ilya Samsonov with a rebound.
4:11 of 3rd period - Snap shot by Kasperi Kapanen.
4:11 of 3rd period - Shot Misses the Net.
4:13 of 3rd period - Snap shot by Nick Ritchie.
4:13 of 3rd period - Stopped by Ilya Samsonov with a rebound.
4:15 of 3rd period - Slapshot by Jake Dotchin.
4:15 of 3rd period - Deflect By Nick Ritchie.
4:15 of 3rd period - Stopped by Ilya Samsonov with a rebound.
4:17 of 3rd period - Slapshot by Kasperi Kapanen.
4:17 of 3rd period - Stopped by Ilya Samsonov without a rebound.
4:18 of 3rd period - Nick Ritchie wins face-off versus Derek Stepan in Blackhawks zone.
4:27 of 3rd period - Antoine Roussel is hit by Kasperi Kapanen and loses puck.
4:40 of 3rd period - Brian Lashoff is hit by Antoine Roussel and loses puck.
4:48 of 3rd period - Off-side.
4:49 of 3rd period - Erik Haula wins face-off versus Kevin Hayes in neutral zone.
5:02 of 3rd period - Snap shot by Jakub Voracek.
5:02 of 3rd period - Stopped by Ilya Samsonov with a rebound.
5:04 of 3rd period - Wrist shot by Jakub Voracek.
5:04 of 3rd period - Stopped by Ilya Samsonov with a rebound.
5:06 of 3rd period - Slapshot by Nathan Beaulieu.
5:06 of 3rd period - Shot Blocked by PK Subban.
5:21 of 3rd period - PK Subban is hit by Cal Foote and loses puck.
5:30 of 3rd period - Cal Foote is hit by PK Subban and loses puck.
6:15 of 3rd period - Wrist shot by Niclas Bergfors.
6:15 of 3rd period - Stopped by Ilya Samsonov with a rebound.
6:39 of 3rd period - Stefan Matteau is hit by Niclas Bergfors and loses puck.
6:52 of 3rd period - Snap shot by Stefan Matteau.
6:52 of 3rd period - Shot Blocked by Cal Foote.
7:06 of 3rd period - Stefan Matteau is hit by Cal Foote and loses puck.
7:51 of 3rd period - Icing by Cal Foote.
7:52 of 3rd period - Calle Jarnkrok wins face-off versus Derek Stepan in Flyers zone.
7:52 of 3rd period - Calle Jarnkrok is hit by Jakob Chychrun.
8:13 of 3rd period - Calle Jarnkrok is hit by Derek Stepan and loses puck.
8:24 of 3rd period - Snap shot by Nick Ritchie.
8:24 of 3rd period - Stopped by Ilya Samsonov with a rebound.
9:38 of 3rd period - Icing by Jake Dotchin.
9:39 of 3rd period - Jordan Nolan wins face-off versus William Karlsson in Flyers zone.
10:13 of 3rd period - Backhand shot by Kasperi Kapanen.
10:13 of 3rd period - Stopped by Ilya Samsonov with a rebound.
10:27 of 3rd period - PK Subban is hit by Jacob Trouba and loses puck.
11:09 of 3rd period - Antoine Roussel is hit by Kasperi Kapanen and loses puck.
11:14 of 3rd period - Snap shot by Nick Ritchie.
11:14 of 3rd period - Shot Blocked by Mikko Rantanen.
11:34 of 3rd period - Radko Gudas is hit by Brock Nelson and loses puck.
11:51 of 3rd period - Wrist shot by Mike Amadio.
11:51 of 3rd period - Stopped by Steve Mason with a rebound.
12:53 of 3rd period - Nick Ritchie is hit by William Karlsson and loses puck.
13:18 of 3rd period - Ivan Provorov is hit by PK Subban and loses puck.
13:54 of 3rd period - Wrist shot by Joe Pavelski.
13:54 of 3rd period - Stopped by Steve Mason with a rebound.
13:56 of 3rd period - Snap shot by Andrew Ladd.
13:56 of 3rd period - Stopped by Steve Mason with a rebound.
13:58 of 3rd period - Slapshot by Robert Hagg.
13:58 of 3rd period - Stopped by Steve Mason with a rebound.
14:00 of 3rd period - Slapshot by Joe Pavelski.
14:00 of 3rd period - Stopped by Steve Mason without a rebound.
14:01 of 3rd period - Jordan Nolan wins face-off versus Erik Haula in Flyers zone.
14:06 of 3rd period - Wrist shot by Nick Ritchie.
14:06 of 3rd period - Shot Misses the Net.
14:08 of 3rd period - Wrist shot by Kasperi Kapanen.
14:08 of 3rd period - Stopped by Ilya Samsonov with a rebound.
14:18 of 3rd period - Snap shot by Nick Ritchie.
14:18 of 3rd period - Shot Misses the Net.
14:33 of 3rd period - Jacob Trouba is hit by Antoine Roussel and loses puck.
14:50 of 3rd period - William Karlsson is hit by Kevin Hayes and loses puck.
17:09 of 3rd period - Erik Haula is hit by Brian Lashoff and loses puck.
17:40 of 3rd period - Adrian Kempe is hit by Kevin Hayes and loses puck.
17:58 of 3rd period - Snap shot by Mike Amadio.
17:58 of 3rd period - Shot Misses the Net.
18:00 of 3rd period - Snap shot by Dalton Prout.
18:00 of 3rd period - Stopped by Steve Mason without a rebound.
18:01 of 3rd period - William Karlsson wins face-off versus Jordan Nolan in Flyers zone.
18:04 of 3rd period - Slapshot by Mike Amadio.
18:04 of 3rd period - Stopped by Steve Mason with a rebound.
18:06 of 3rd period - Slapshot by Robert Hagg.
18:06 of 3rd period - Stopped by Steve Mason without a rebound.
18:07 of 3rd period - Jordan Nolan wins face-off versus William Karlsson in Flyers zone.
18:18 of 3rd period - Slapshot by Nathan Beaulieu.
18:18 of 3rd period - Stopped by Ilya Samsonov without a rebound.
18:19 of 3rd period - Jordan Nolan wins face-off versus Timo Meier in Blackhawks zone.
18:22 of 3rd period - Snap shot by Nick Ritchie.
18:22 of 3rd period - Stopped by Ilya Samsonov without a rebound.
18:23 of 3rd period - Jordan Nolan wins face-off versus William Karlsson in Blackhawks zone.
18:38 of 3rd period - Wrist shot by Jordan Nolan.
18:38 of 3rd period - Shot Misses the Net.
18:40 of 3rd period - Wrist shot by Nick Ritchie.
18:40 of 3rd period - Shot Misses the Net.
18:50 of 3rd period - Flyers, Steve Mason is pulled from the net.
18:52 of 3rd period - Wrist shot by Nick Ritchie.
18:52 of 3rd period - Shot Misses the Net.
18:54 of 3rd period - Slapshot by Nathan Beaulieu.
18:54 of 3rd period - Stopped by Ilya Samsonov with a rebound.
19:10 of 3rd period - Wrist shot by Nick Ritchie.
19:10 of 3rd period - Stopped by Ilya Samsonov with a rebound.
19:12 of 3rd period - Wrist shot by Jordan Nolan.
19:12 of 3rd period - Shot Misses the Net.
19:14 of 3rd period - Backhand shot by Nick Ritchie.
19:14 of 3rd period - Goal by Nick Ritchie - Blackhawks : 4 - Flyers : 4.
19:14 of 3rd period - Steve Mason from Flyers was sent back in the game.
19:15 of 3rd period - Jordan Nolan wins face-off versus Erik Haula in neutral zone.
19:59 of 3rd period - Icing by Max Pacioretty.
Goals for this period are 0 for Blackhawks vs 1 for Flyers.
Shots for this period are 12 for Blackhawks vs 18 for Flyers.
Overtime #1
0:01 of 1st overtime period - Jordan Nolan wins face-off versus Mikko Rantanen in neutral zone.
1:23 of 1st overtime period - Kevin Hayes is hit by Will Butcher and loses puck.
1:30 of 1st overtime period - Nathan Beaulieu is hit by Antoine Roussel and loses puck.
2:46 of 1st overtime period - Jacob Trouba is hit by Mikko Rantanen and loses puck.
4:06 of 1st overtime period - Kevin Hayes is hit by Will Butcher and loses puck.
4:19 of 1st overtime period - Backhand shot by Nathan Beaulieu.
4:19 of 1st overtime period - Shot Misses the Net.
Goals for this period are 0 for Blackhawks vs 0 for Flyers.
Shots for this period are 0 for Blackhawks vs 0 for Flyers.
ShootOut
5:00 of 1st overtime period - Round #1.
5:00 of 1st overtime period - Blackhawks, Jakob Silfverberg.
5:00 of 1st overtime period - Snap shot by Jakob Silfverberg.
5:00 of 1st overtime period - Stopped by Steve Mason.
5:00 of 1st overtime period - Flyers, Nick Ritchie.
5:00 of 1st overtime period - Snap shot by Nick Ritchie.
5:00 of 1st overtime period - Stopped by Ilya Samsonov.
5:00 of 1st overtime period - Round #2.
5:00 of 1st overtime period - Blackhawks, Mikko Rantanen.
5:00 of 1st overtime period - Wrist shot by Mikko Rantanen.
5:00 of 1st overtime period - Stopped by Steve Mason.
5:00 of 1st overtime period - Flyers, Kasperi Kapanen.
5:00 of 1st overtime period - Snap shot by Kasperi Kapanen.
5:00 of 1st overtime period - Goal by Kasperi Kapanen.
5:00 of 1st overtime period - Round #3.
5:00 of 1st overtime period - Blackhawks, Antoine Roussel.
5:00 of 1st overtime period - Backhand shot by Antoine Roussel.
5:00 of 1st overtime period - Goal by Antoine Roussel.
5:00 of 1st overtime period - Flyers, Jordan Nolan.
5:00 of 1st overtime period - Wrist shot by Jordan Nolan.
5:00 of 1st overtime period - Shot Misses the Net.
5:00 of 1st overtime period - Round #4.
5:00 of 1st overtime period - Blackhawks, Derek Stepan.
5:00 of 1st overtime period - Snap shot by Derek Stepan.
5:00 of 1st overtime period - Shot Misses the Net.
5:00 of 1st overtime period - Flyers, Niclas Bergfors.
5:00 of 1st overtime period - Deke by Niclas Bergfors.
5:00 of 1st overtime period - Goal by Niclas Bergfors.